 Dungeon Crawl Stone Soup version 0.27.1 (webtiles) character file.

Game seed: 8847812707092031591

386 Loul the Conjurer (level 6, -3/32 HPs)
             Began as a Deep Elf Conjurer on Aug 21, 2021.
             Succumbed to a scorpion's poison
             ... on level 4 of the Dungeon.
             The game lasted 00:25:44 (4379 turns).

Loul the Conjurer (Deep Elf Conjurer)               Turns: 4379, Time: 00:25:44

Health: -3/32      AC:  7    Str:  4    XL:     6   Next: 48%
Magic:  10/16      EV: 24    Int: 25    God:
Gold:   107        SH:  0    Dex: 13    Spells: 12/15 levels left

rFire    . . .     SeeInvis .   g - +0 short sword
rCold    . . .     Faith    .   (no shield)
rNeg     + . .     Spirit   .   k - +1 ring mail {Will+}
rPois    .         Reflect  .   h - +0 helmet
rElec    .         Harm     .   (no cloak)
rCorr    .         Rampage  .   (no gloves)
Will     ++...                  (no boots)
Stlth    ++........             n - amulet of the acrobat
HPRegen  0.10/turn              d - ring of positive energy
MPRegen  0.15/turn              v - ring of willpower

@: lethally poisoned (-3 -> -24), acrobatic, very slightly contaminated
A: MP-powered wands
a: no special abilities


You were on level 4 of the Dungeon.
You visited 1 branch of the dungeon, and saw 4 of its levels.

You collected 107 gold pieces.

Inventory:

Hand Weapons
 g - a +0 short sword (weapon)
 j - a +0 morningstar
Missiles
 b - 60 stones
 f - 15 bolts
Armour
 a - a +0 robe
 h - a +0 helmet (worn)
 k - a +1 ring mail of willpower (worn)
 u - a +2 chain mail of cold resistance
Jewellery
 d - a ring of positive energy (left hand)
 n - an amulet of the acrobat (around neck)
 v - a ring of willpower (right hand)
Wands
 p - a wand of charming (6)
 t - a wand of paralysis (9)
Scrolls
 e - 5 scrolls of magic mapping
 l - a scroll of silence {unknown}
 q - a scroll of blinking
 s - a scroll of vulnerability
Potions
 i - a potion of cancellation {unknown}
 m - a potion of flight
 o - a potion of ambrosia {unknown}
 r - a potion of haste {unknown}


   Skills:
 + Level 0.2 Fighting
 + Level 0.1 Short Blades
 + Level 1.3 Armour
 + Level 3.1 Dodging
 + Level 3.2 Stealth
 + Level 5.3 Spellcasting
 + Level 6.8 Conjurations


You had 12 spell levels left.
You knew the following spells:

 Your Spells              Type           Power      Damage    Failure   Level
a - Magic Dart            Conj           100%       1d8       2%          1
b - Searing Ray           Conj           82%        3d6       4%          2

Your spell library contained the following spells:

 Spells                   Type           Power      Damage    Failure   Level
 Dazzling Flash           Conj/Hex       46%        N/A       32%         3
 Fulminant Prism          Conj/Hex       11%        3d9       73%         4
 Iskenderun's Mystic Bla  Conj/Tloc      23%        2d6       73%         4


Dungeon Overview and Level Annotations

Branches:
Dungeon (4/15)
 Temple: D:4-7

Altars:
Elyvilon
Gozag

Shops:
D:3 [([[(


Innate Abilities, Weirdness & Mutations

You expend magic power (3 MP) to strengthen your wands.


Message History

Magic restored.
Found 15 stones.
A scorpion comes into view.
You see here 15 stones.
The scorpion stings you!
Aiming: Searing Ray (safe; 4% risk of failure)
Press: ? - help, Q - select action, (/) - cycle Shift-Dir - straight line, f - scorpion
Aim: a scorpion (82% to hit)
You miscast Searing Ray.
You are very lightly contaminated with residual magic.
Nothing appears to happen.
The scorpion stings you but does no damage.
Aiming: Searing Ray (safe; 4% risk of failure)
Press: ? - help, Q - select action, (/) - cycle Shift-Dir - straight line, f/p - scorpion
Aim: a scorpion (82% to hit)
You miscast Searing Ray.
Nothing appears to happen.
The scorpion stings you.
Aiming: Searing Ray (safe; 4% risk of failure)
Press: ? - help, Q - select action, (/) - cycle Shift-Dir - straight line, f/p - scorpion
Aim: a scorpion (82% to hit)
The searing ray hits the scorpion.
The scorpion is moderately wounded. (Press . to maintain the ray.)
The scorpion barely misses you. The scorpion stings you.
You are lethally poisoned!
The scorpion poisons you!
As you read the scroll of identify, it crumbles to dust.
s - a scroll of vulnerability You feel very sick.
The scorpion stings you.
* * * LOW HITPOINT WARNING * * *
You are more poisoned.
The scorpion poisons you!
Blink to where?
Press: ? - help, Dir - move target, p - scorpion
As you read the scroll labelled PETEUNLUGYF, it crumbles to dust.
It was a scroll of blinking.
* * * LOW HITPOINT WARNING * * *
You feel very sick.
You die...

# ... # #. #.# #
##.##.# # ####
###...#.## # ...
........# # ..#
###...#..####
##.##.......#......
#.....# #.........
#@# #.##.#####
#.#######.##.#####
#.................
#.################
#.# #.# # ##.#
#####.#.(#
.......s.#


There were no monsters in sight!

Vanquished Creatures
  A sky beast (D:3)
  An orc priest (D:3)
  Jessica (D:3)
  Terence (D:2)
  2 orc wizards (D:3)
  A hound skeleton (D:4)
  Robin (D:3)
  6 adders
  2 worms (D:2)
  2 dart slugs
  6 orcs (D:3)
  7 bats
  5 endoplasms
  A giant cockroach (D:1)
  11 goblins
  5 hobgoblins
  5 kobolds
  4 quokkas
  8 ball pythons
  3 frilled lizards
  4 rats
77 creatures vanquished.

Vanquished Creatures (others)
  7 demonic plants (D:3)
  5 fungi (D:3)
  19 plants (D:3)
  5 withered plants (D:3)
36 creatures vanquished.

Grand Total: 113 creatures vanquished

Notes
Turn   | Place    | Note
-------+----------+-------------------------------------------
     0 | D:1      | Loul the Deep Elf Conjurer began the quest for the Orb.
     0 | D:1      | Reached XP level 1. HP: 10/10 MP: 6/6
   156 | D:1      | Reached XP level 2. HP: 15/15 MP: 6/8
   164 | D:1      | Learned a level 2 spell: Searing Ray
   289 | D:1      | Reached skill level 5 in Conjurations
   963 | D:2      | Reached XP level 3. HP: 19/19 MP: 6/9
  1323 | D:2      | Noticed Terence
  1330 | D:2      | Killed Terence
  1409 | D:2      | Reached XP level 4. HP: 24/24 MP: 8/11
  1622 | D:2      | Found an opulent altar of Gozag.
  2254 | D:3      | Noticed Jessica
  2257 | D:3      | Killed Jessica
  2258 | D:3      | Reached skill level 6 in Conjurations
  2262 | D:3      | Noticed Robin
  2363 | D:3      | Killed Robin
  2367 | D:3      | Reached XP level 5. HP: 28/28 MP: 3/13
  2818 | D:3      | Gained mutation: You expend magic power (3 MP) to
                  | strengthen your wands. [potion of mutation]
  2935 | D:3      | Found a white marble altar of Elyvilon.
  2949 | D:3      | Found Lamuso Sin's Antique Armour Emporium.
  3096 | D:3      | Noticed a sky beast
  3117 | D:3      | Killed a sky beast
  3118 | D:3      | Reached skill level 1 in Armour
  3118 | D:3      | Reached skill level 5 in Spellcasting
  3118 | D:3      | Reached XP level 6. HP: 15/32 MP: 1/15
  3299 | D:3      | Found Ikkogam's Antique Armour Emporium.
  3334 | D:3      | Found a faded altar of an unknown god.
  3459 | D:3      | Found Zasih Cyu's Weapon Boutique.
  3692 | D:3      | Found Cagilaxia's Antique Weapon Shop.
  3834 | D:3      | Found Onkeamo's Armour Shoppe.
  4379 | D:4      | Succumbed to a scorpion's poison

Illustrated notes

Levels and vault maps discovered:
D:1:      minmay_arrival_four_loops, layout_loops_ring
D:2:      layout_loops_ring, basic_altar, uniq_terence
D:3:      layout_loops_ring, mainiacjoe_overflow_cross_hatched,
          shapermc_ecumenical_altar_gd, serial_shops, nicolae_lakefront_shop,
          nicolae_shop_waterfront, shop, nicolae_shop_trees, shop, uniq_robin,
          uniq_jessica
D:4:      layout_loops_ring, minmay_temple_entry_offerings,
          chequers_hall_statues_wall_a, uniq_ijyb

Skill      XL: |  1  2  3  4  5 |
---------------+----------------+-----
Conjurations   | 5 6 |  6.8
Stealth        | 3 |  3.2
Spellcasting   | 4 5 |  5.3
Dodging        | 3 |  3.1
Armour         | 1 |  1.3
Fighting       | |  0.2
Short Blades   | |  0.1

Action                   |  1- 3 |  4- 6 || total
-------------------------+-------+-------++-------
Melee: Short sword       |     2 |    29 ||    31
 Cast: Magic Dart        |    11 |       ||    11
       Searing Ray       |    27 |    62 ||    89
  Use: Scroll            |     1 |     3 ||     4
       Potion            |       |     2 ||     2
Armor: Robe              |     1 |       ||     1
       Ring mail         |       |    17 ||    17
Dodge: Dodged            |     7 |    24 ||    31
